AoeStats
← 17_Neo_

African Clearing

510439559Analyzed
3v3 RM · 1d ago on Oct 1, 2026· 42m 38s· 6 players
Game mode
Random Map
Map size
Normal (6 player)
Population
200
Speed
Normal
Resources
Standard
Victory
Conquest
Starting age
Dark Age
Ending age
Imperial Age
RankedLock teamsTeams togetherTeam positionsShared explorationLock speedFull tech treeHidden civsTurbo modeCheats
Victory
Defeat
🇨🇱 Mongols · Chile
1309
+18
🇨🇱 Persians · Chile
1305
+18
🇨🇱 Huns · Chile
1265
+19
🇨🇴 Spanish · Colombia
1436
-22
🇨🇴 Mongols · Colombia
1330
-18
🇨🇴 Varangians · Colombia
1269
-15
Mancodios
5:20 Loom
12:33 Feudal Age
16:06 Forging
20:41 Castle Age
19:18 Double-Bit Axe
26:16 Scale Barding Armor
26:14 Husbandry
27:34 Bloodlines
28:05 Horse Collar
30:41 Chain Barding Armor
31:42 Wheelbarrow
36:32 Hand Cart
42:42 Bow Saw
43:26 Iron Casting
Gus Dekkers
8:56 Loom
11:22 Feudal Age
13:06 Scale Barding Armor
17:18 Forging
23:29 Castle Age
23:54 Bloodlines
23:56 Double-Bit Axe
24:36 Chain Barding Armor
24:58 Husbandry
39:21 Town Watch
42:30 Town Patrol
43:07 Wheelbarrow
Leonardo
9:08 Loom
11:05 Feudal Age
11:34 Double-Bit Axe
13:54 Forging
13:31 Loom
22:27 Castle Age
21:44 Scale Barding Armor
21:55 Bloodlines
24:08 Fletching
24:38 Bow Saw
24:15 Crossbowman
25:25 Bodkin Arrow
25:30 Padded Archer Armor
28:18 Town Watch
30:39 Wheelbarrow
30:47 Ballistics
36:10 Hand Cart
40:22 Imperial Age
37:48 Gold Mining
37:49 Stone Mining
38:50 Leather Archer Armor
38:09 Light Cavalry
38:50 Husbandry
40:10 Chain Barding Armor
40:25 Iron Casting
40:28 Hussar
41:10 Bracer
42:13 Chemistry
40:43 Arbalester
41:29 Thumb Ring
17_Neo_
12:10 Loom
14:37 Feudal Age
22:39 Wheelbarrow
23:15 Double-Bit Axe
23:36 Horse Collar
27:58 Castle Age
28:38 Pikeman
Logan
11:46 Loom
13:35 Feudal Age
15:25 Wheelbarrow
21:07 Castle Age
29:50 Ballistics
31:27 Fletching
39:32 Elite Skirmisher
Escipion
17:41 Feudal Age
22:14 Castle Age
22:57 Stone Mining
27:09 Squires
29:52 Pikeman
35:33 Loom
37:29 Wheelbarrow
Connection lost

Rejoining the realm…

Still unreachable

The connection could not be restored.

Session expired

The server has moved on; the page needs a fresh start.